| TOP OF THE 1ST |
|
University of Michigan Wolverines batting - Pitching for Oklahoma State University Cowboys : RHP Abban Sartika
|
|
Pitching: RHP Abban Sartika
|
|
|
Batting: RHB Chris Williamson
|
0-0: Ball 1-0: Swinging Strike 1-1: Ball 2-1: Ball 3-1: Foul Ball, location: 2F 3-2: Strikes out looking
|
|
Batting: LHB Omar Gutierrez
|
0-0: Called Strike 0-1: Called Strike 0-2: Ball 1-2: SINGLE (Groundball, 34D, EV 108.1 MPH)
|
|
Batting: RHB Danny Arroyo
|
0-0: Grounds into double play, 6-4-3 (Groundball, 56D, EV 93.1 MPH)
|
| Top of the 1st over - 0 runs, 1 hit, 0 errors, 0 left on base; University of Michigan 0 - Oklahoma State University 0 |
| BOTTOM OF THE 1ST |
|
Oklahoma State University Cowboys batting - Pitching for University of Michigan Wolverines : RHP Henrik Berg
|
|
Pitching: RHP Henrik Berg
|
|
|
Batting: RHB Simon Gravitt
|
0-0: Called Strike 0-1: Ball 1-1: Foul Ball, location: 2F 1-2: Ball 2-2: Ball 3-2: Ground out 5-3 (Groundball, 5L, EV 85.0 MPH)
|
|
Batting: LHB Dwayne Roche
|
0-0: Swinging Strike 0-1: Ball 1-1: Ball 2-1: Foul Ball, location: 2F 2-2: Strikes out swinging
|
|
Batting: LHB Kyle David
|
0-0: Ball 1-0: Foul Ball, location: 2F 1-1: Called Strike 1-2: Strikes out swinging
|
| Bottom of the 1st over - 0 runs, 0 hits, 0 errors, 0 left on base; University of Michigan 0 - Oklahoma State University 0 |
| TOP OF THE 2ND |
|
University of Michigan Wolverines batting - Pitching for Oklahoma State University Cowboys : RHP Abban Sartika
|
|
Batting: RHB Quirino Portel
|
0-0: Called Strike 0-1: Ball 1-1: Ball 2-1: Called Strike 2-2: Ground out 5-3 (Groundball, 56, EV 85.0 MPH)
|
|
Batting: LHB Lance Sabo
|
0-0: Ball 1-0: Foul Ball, location: 2F 1-1: Ground out 6-3 (Groundball, 6, EV 85.6 MPH)
|
|
Batting: RHB Aaron Marakovits
|
0-0: Called Strike 0-1: Foul Ball, location: 2F 0-2: Foul Ball, location: 2F 0-2: Strikes out swinging
|
| Top of the 2nd over - 0 runs, 0 hits, 0 errors, 0 left on base; University of Michigan 0 - Oklahoma State University 0 |
| BOTTOM OF THE 2ND |
|
Oklahoma State University Cowboys batting - Pitching for University of Michigan Wolverines : RHP Henrik Berg
|
|
Batting: LHB Jeff Williams
|
0-0: Ball 1-0: Foul Ball, location: 2F 1-1: Ball 2-1: Fly out, F8 (Flyball, 8LXD, EV 91.2 MPH)
|
|
Batting: RHB Magnus Laursen
|
0-0: Ball 1-0: Foul Ball, location: 2F 1-1: Ball 2-1: Ground out 5-3 (Groundball, 56, EV 92.5 MPH)
|
|
Batting: RHB Jon Guzman
|
0-0: Called Strike 0-1: Ball 1-1: Ball 2-1: Foul Ball, location: 2F 2-2: Ball 3-2: Strikes out swinging
|
| Bottom of the 2nd over - 0 runs, 0 hits, 0 errors, 0 left on base; University of Michigan 0 - Oklahoma State University 0 |
| TOP OF THE 3RD |
|
University of Michigan Wolverines batting - Pitching for Oklahoma State University Cowboys : RHP Abban Sartika
|
|
Batting: RHB Mario Cruz
|
0-0: Ground out 6-3 (Groundball, 6, EV 103.8 MPH)
|
|
Batting: LHB Murdock Cranton
|
0-0: SINGLE (Groundball, 4MD, EV 111.9 MPH)
|
|
Batting: RHB Torsten Ernst
|
0-0: Called Strike 0-1: Ball 1-1: Foul Ball, location: 2F 1-2: Ball 2-2: Grounds into double play, 5-4-3 (Groundball, 56S, EV 80.6 MPH)
|
| Top of the 3rd over - 0 runs, 1 hit, 0 errors, 0 left on base; University of Michigan 0 - Oklahoma State University 0 |
| BOTTOM OF THE 3RD |
|
Oklahoma State University Cowboys batting - Pitching for University of Michigan Wolverines : RHP Henrik Berg
|
|
Batting: RHB Rory Cardosi
|
0-0: Ball 1-0: Foul Ball, location: 2F 1-1: Foul Ball, location: 2F 1-2: Fly out, F9 (Flyball, 89M, EV 91.9 MPH)
|
|
Batting: RHB Estevan Alvarez
|
0-0: Ground out 6-3 (Groundball, 6, EV 89.4 MPH)
|
|
Batting: RHB Frederik Koster
|
0-0: Ball 1-0: SINGLE (Groundball, 34D, EV 101.2 MPH)
|
|
Batting: RHB Simon Gravitt
|
0-0: Ball 1-0: Swinging Strike 1-1: DOUBLE (Line Drive, 78D, EV 106.9 MPH) Frederik Koster to third Runner from 3rd tries for Home, SAFE, throw by LF to home
|
|
Batting: LHB Dwayne Roche
|
0-0: SINGLE (Groundball, 25, EV 69.4 MPH) (infield hit) Simon Gravitt to third
|
|
Batting: LHB Kyle David
|
0-0: Swinging Strike 0-1: Foul Ball, location: 2F 0-2: Ball 1-2: Ball 2-2: Strikes out swinging
|
| Bottom of the 3rd over - 1 run, 3 hits, 0 errors, 2 left on base; University of Michigan 0 - Oklahoma State University 1 |
| TOP OF THE 4TH |
|
University of Michigan Wolverines batting - Pitching for Oklahoma State University Cowboys : RHP Abban Sartika
|
|
Batting: RHB Chris Williamson
|
0-0: Called Strike 0-1: Called Strike 0-2: Ball 1-2: Strikes out looking
|
|
Batting: LHB Omar Gutierrez
|
0-0: Ground out 6-3 (Groundball, 6, EV 89.4 MPH)
|
|
Batting: RHB Danny Arroyo
|
0-0: Called Strike 0-1: Foul Ball, location: 2F 0-2: Foul Ball, location: 2F 0-2: Ball 1-2: Ball 2-2: Ball 3-2: Fly out, F8 (Flyball, 8RM, EV 89.4 MPH)
|
| Top of the 4th over - 0 runs, 0 hits, 0 errors, 0 left on base; University of Michigan 0 - Oklahoma State University 1 |
| BOTTOM OF THE 4TH |
|
Oklahoma State University Cowboys batting - Pitching for University of Michigan Wolverines : RHP Henrik Berg
|
|
Batting: LHB Jeff Williams
|
0-0: Called Strike 0-1: SOLO HOME RUN (Line Drive, 78XD, EV 114.4 MPH), Distance : 447 ft
|
|
Batting: RHB Magnus Laursen
|
0-0: Ball 1-0: Ball 2-0: Ground out 6-3 (Groundball, 6S, EV 90.6 MPH)
|
|
Batting: RHB Jon Guzman
|
0-0: Foul Ball, location: 2F 0-1: Ball 1-1: Ball 2-1: Ball 3-1: Base on Balls
|
|
Batting: RHB Rory Cardosi
|
0-0: Foul Ball, location: 2F 0-1: SINGLE (Groundball, 6D, EV 108.8 MPH) Jon Guzman to second
|
|
Batting: RHB Estevan Alvarez
|
0-0: Called Strike Jon Guzman steals 3rd, throwing error, E2 Jon Guzman scores Rory Cardosi to third 0-1: Swinging Strike 0-2: Ball 1-2: Fly out, F8 (Line Drive, 8LS, EV 93.1 MPH)
|
|
Batting: RHB Frederik Koster
|
0-0: Foul Ball, location: 2F 0-1: Swinging Strike 0-2: Ball 1-2: SINGLE (Line Drive, 6D, EV 103.8 MPH) Rory Cardosi scores
|
|
Pinch Hitting: RHB Jose Lopez
|
0-0: Called Strike 0-1: Ball Frederik Koster steals 2nd base 1-1: Ball 2-1: Swinging Strike 2-2: Strikes out swinging
|
| Bottom of the 4th over - 3 runs, 3 hits, 1 error, 1 left on base; University of Michigan 0 - Oklahoma State University 4 |
| TOP OF THE 5TH |
|
University of Michigan Wolverines batting - Pitching for Oklahoma State University Cowboys : RHP Abban Sartika
|
|
Pitching: LHP Jared Hauck
|
|
|
Now at 1B: Julio Marquez
|
|
|
Now at 3B: Arabello Demesa
|
|
|
Now in LF: Jose Lopez
|
|
|
Now in CF: Jon Guzman
|
|
|
Batting: RHB Quirino Portel
|
0-0: Called Strike 0-1: Ball 1-1: Swinging Strike 1-2: Ball 2-2: Strikes out looking
|
|
Batting: LHB Lance Sabo
|
0-0: Called Strike 0-1: Foul Ball, location: 2F 0-2: Strikes out swinging
|
|
Batting: RHB Aaron Marakovits
|
0-0: Called Strike 0-1: Swinging Strike 0-2: Foul Ball, location: 2F 0-2: Strikes out swinging
|
| Top of the 5th over - 0 runs, 0 hits, 0 errors, 0 left on base; University of Michigan 0 - Oklahoma State University 4 |
| BOTTOM OF THE 5TH |
|
Oklahoma State University Cowboys batting - Pitching for University of Michigan Wolverines : RHP Henrik Berg
|
|
Batting: LHB Dwayne Roche
|
0-0: Called Strike 0-1: Ball 1-1: Ground out 4-3 (Groundball, 4, EV 102.5 MPH)
|
|
Batting: RHB Julio Marquez
|
0-0: Ball 1-0: Swinging Strike 1-1: Ball 2-1: Foul Ball, location: 2F 2-2: Foul Ball, location: 2F 2-2: Ball 3-2: Foul Ball, location: 2F 3-2: Ground out 6-3 (Groundball, 6, EV 86.9 MPH)
|
|
Batting: RHB Bill Tremblett
|
0-0: Called Strike 0-1: SINGLE (Groundball, 34, EV 103.8 MPH)
|
|
Batting: RHB Arabello Demesa
|
0-0: Called Strike 0-1: Ball 1-1: Reached on error, E9 (Flyball, 9, EV 87.5 MPH) Bill Tremblett to third
|
|
Batting: RHB Jon Guzman
|
0-0: Fly out, F7 (Flyball, 7LSF, EV 78.1 MPH)
|
| Bottom of the 5th over - 0 runs, 1 hit, 1 error, 2 left on base; University of Michigan 0 - Oklahoma State University 4 |
| TOP OF THE 6TH |
|
University of Michigan Wolverines batting - Pitching for Oklahoma State University Cowboys : LHP Jared Hauck
|
|
Now at C: Hunter Uttley
|
|
|
Batting: RHB Mario Cruz
|
0-0: Ball 1-0: Fly out, F7 (Flyball, 7, EV 85.6 MPH)
|
|
Batting: LHB Murdock Cranton
|
0-0: Ball 1-0: Fly out, F8 (Flyball, 8LD, EV 90.6 MPH)
|
|
Batting: RHB Torsten Ernst
|
0-0: Ball 1-0: Swinging Strike 1-1: Foul Ball, location: 2F 1-2: Strikes out looking
|
| Top of the 6th over - 0 runs, 0 hits, 0 errors, 0 left on base; University of Michigan 0 - Oklahoma State University 4 |
| BOTTOM OF THE 6TH |
|
Oklahoma State University Cowboys batting - Pitching for University of Michigan Wolverines : RHP Henrik Berg
|
|
Batting: RHB Rory Cardosi
|
0-0: Ground out 3-1 (Groundball, 34S, EV 86.2 MPH)
|
|
Batting: RHB Hunter Uttley
|
0-0: Foul Ball, location: 2F 0-1: Foul Ball, location: 2F 0-2: Foul Ball, location: 2F 0-2: Ground out 4-3 (Groundball, 34, EV 101.2 MPH)
|
|
Batting: RHB Frederik Koster
|
0-0: Ball 1-0: SINGLE (Line Drive, 56, EV 98.1 MPH)
|
|
Batting: RHB Jose Lopez
|
0-0: Foul Ball, location: 2F 0-1: Ball 1-1: Ball 2-1: Called Strike 2-2: Strikes out swinging
|
| Bottom of the 6th over - 0 runs, 1 hit, 0 errors, 1 left on base; University of Michigan 0 - Oklahoma State University 4 |
| TOP OF THE 7TH |
|
University of Michigan Wolverines batting - Pitching for Oklahoma State University Cowboys : LHP Jared Hauck
|
|
Pitching: RHP Paul Furst
|
|
|
Batting: RHB Chris Williamson
|
0-0: Ball 1-0: Ball 2-0: Swinging Strike 2-1: Fly out, F9 (Flyball, 9D, EV 100.0 MPH)
|
|
Batting: LHB Omar Gutierrez
|
0-0: Ball 1-0: Fly out, F8 (Line Drive, 8RM, EV 86.9 MPH)
|
|
Batting: RHB Danny Arroyo
|
0-0: Foul Ball, location: 2F 0-1: Ball 1-1: Called Strike 1-2: Ball 2-2: Strikes out looking
|
| Top of the 7th over - 0 runs, 0 hits, 0 errors, 0 left on base; University of Michigan 0 - Oklahoma State University 4 |
| BOTTOM OF THE 7TH |
|
Oklahoma State University Cowboys batting - Pitching for University of Michigan Wolverines : RHP Henrik Berg
|
|
Batting: LHB Dwayne Roche
|
0-0: Swinging Strike 0-1: Swinging Strike 0-2: Foul Ball, location: 2F 0-2: Ball 1-2: Ball 2-2: Ball 3-2: Foul Ball, location: 2F 3-2: Strikes out swinging
|
|
Batting: RHB Julio Marquez
|
0-0: Foul Ball, location: 2F 0-1: Ground out U3 (Groundball, 3, EV 80.6 MPH)
|
|
Batting: RHB Bill Tremblett
|
0-0: Ground out 5-3 (Groundball, 15, EV 85.6 MPH)
|
| Bottom of the 7th over - 0 runs, 0 hits, 0 errors, 0 left on base; University of Michigan 0 - Oklahoma State University 4 |
| TOP OF THE 8TH |
|
University of Michigan Wolverines batting - Pitching for Oklahoma State University Cowboys : RHP Paul Furst
|
|
Pitching: LHP Julian Judge
|
|
|
Batting: RHB Quirino Portel
|
0-0: Ball 1-0: Fly out, F8 (Line Drive, 8RD, EV 90.6 MPH)
|
|
Batting: LHB Lance Sabo
|
0-0: Ball 1-0: Ball 2-0: Fly out, F8 (Flyball, 8LD, EV 102.5 MPH)
|
|
Batting: RHB Aaron Marakovits
|
0-0: Ball 1-0: Ball 2-0: Foul Ball, location: 2F 2-1: Foul Ball, location: 2F 2-2: Ball 3-2: Foul Ball, location: 2F 3-2: Foul Ball, location: 2F 3-2: Foul Ball, location: 2F 3-2: Strikes out swinging
|
| Top of the 8th over - 0 runs, 0 hits, 0 errors, 0 left on base; University of Michigan 0 - Oklahoma State University 4 |
| BOTTOM OF THE 8TH |
|
Oklahoma State University Cowboys batting - Pitching for University of Michigan Wolverines : RHP Henrik Berg
|
|
Batting: RHB Arabello Demesa
|
0-0: DOUBLE (Line Drive, 9LM, EV 103.1 MPH)
|
|
Batting: RHB Jon Guzman
|
0-0: Ball 1-0: Foul Ball, location: 2F 1-1: Fly out, F4 (Popup, 4, EV 61.2 MPH)
|
|
Batting: RHB Rory Cardosi
|
0-0: Called Strike 0-1: Ball 1-1: SINGLE (Flyball, 8RS, EV 96.2 MPH) - OUT at second base trying to stretch hit. Arabello Demesa scores
|
|
Batting: RHB Hunter Uttley
|
0-0: Fly out, F9 (Flyball, 9, EV 88.1 MPH)
|
| Bottom of the 8th over - 1 run, 2 hits, 0 errors, 0 left on base; University of Michigan 0 - Oklahoma State University 5 |
| TOP OF THE 9TH |
|
University of Michigan Wolverines batting - Pitching for Oklahoma State University Cowboys : LHP Julian Judge
|
|
Pitching: RHP Sam Stephenson
|
|
|
Batting: RHB Mario Cruz
|
0-0: Ground out 5-3 (Groundball, 56S, EV 83.1 MPH)
|
|
Batting: LHB Murdock Cranton
|
0-0: SINGLE (Line Drive, 4M, EV 94.4 MPH)
|
|
Batting: RHB Torsten Ernst
|
0-0: Called Strike 0-1: Fly out, F7 (Flyball, 78D, EV 93.8 MPH)
|
|
Batting: RHB Chris Williamson
|
0-0: Foul Ball, location: 2F 0-1: Ball 1-1: Called Strike 1-2: Ball 2-2: Foul Ball, location: 2F 2-2: Strikes out swinging
|
| Top of the 9th over - 0 runs, 1 hit, 0 errors, 1 left on base; University of Michigan 0 - Oklahoma State University 5 |
|